 Dungeon Crawl Stone Soup version 0.18-a0-1774-gce1f7b6 (webtiles) character file.

17 namelastname112 the Sneak (level 2, -2/15 HPs)
             Began as a Vine Stalker Assassin on Apr 15, 2016.
             Slain by a worm (9 damage)
             ... on level 2 of the Dungeon.
             The game lasted 00:00:50 (679 turns).

namelastname112 the Sneak (Vine Stalker Assassin)    Turns: 679, Time: 00:00:51

Health: -2/15      AC:  6    Str: 13    XL:     2   Next: 62%
Magic:  0/3        EV: 12    Int: 11    God:
Gold:   34         SH:  0    Dex: 15    Spells: 0 memorised, 1 level left

rFire  . . .     SeeInvis .     h - +2 dagger (vamp)
rCold  . . .     Gourm    .     c - +0 robe
rNeg   . . .     Faith    .     (no shield)
rPois  .         Spirit   +     g - +2 helmet
rElec  .         Dismiss  .     d - +0 cloak
rCorr  .         Reflect  .     (no gloves)
SustAt .         Harm     .     (no boots)
MR     +....                    (no amulet)
Stlth  +++.......               (no ring)
                                j - ring of protection from magic

@: somewhat resistant to hostile enchantments, fairly stealthy
A: fangs 2, regeneration 1, magic shield, antimagic bite, no device heal 3, rot
immunity
a: no special abilities


You were on level 2 of the Dungeon.
You were not hungry.

You visited 1 branch of the dungeon, and saw 2 of its levels.

You collected 34 gold pieces.

Inventory:

Hand Weapons
 b - a +0 blowgun
 h - a +2 vampiric dagger (weapon)
Missiles
 e - 17 poisoned needles
 f - 2 curare-tipped needles
Armour
 c - a +0 robe (worn)
 d - a +0 cloak (worn)
 g - a +2 helmet (worn)
Jewellery
 j - a ring of protection from magic (left hand)
Scrolls
 i - 2 scrolls of identify {unknown}
 k - a scroll of enchant armour {unknown}
Potions
 l - a potion of ambrosia {unknown}
Comestibles
 a - a bread ration


   Skills:
 + Level 1.8 Fighting
 * Level 2.1 Short Blades
 + Level 2.0 Throwing
 + Level 1.2 Dodging
 * Level 5.0 Stealth


You had one spell level left.
You didn't know any spells.

Dungeon Overview and Level Annotations

Branches:
Dungeon (2/15)

Altars:
Fedhas


Innate Abilities, Weirdness & Mutations

You have extremely sharp teeth.
Your natural rate of healing is unusually fast.
When hurt, damage is shared between your health and your magic reserves.
Your bite disrupts and absorbs the magic of your enemies.
Potions and wands cannot restore your health.
You are immune to rotting.


Message History

You feel sick.
Found a bread ration.
Found 11 steel bolts.
Found a stone staircase leading up.
You hit the worm.
You feel better.
The worm is lightly wounded.
You hit the worm. You bite the worm, but do no damage.
The worm is moderately wounded.
The worm bites you but does no damage.
You hit the worm. You bite the worm, but do no damage.
The worm is moderately wounded.
You feel sick.
You are no longer poisoned.
The worm bites you!
You hit the worm. You bite the worm, but do no damage.
The worm is heavily wounded.
You hit the worm. Your bite misses the worm.
The worm is heavily wounded.
The worm bites you!
Ouch! That really hurt!
You die...

##..##...>#.......
.........##......#
####.........###.####
..##.....#..........#
#..<..............?.# #
.####.....##..#..#..##..
.....††.....#.....#.....
#!###(.###............%.
..... ##.?...@w..##.
#...#.# ####.........(
....#.# #....#.##..
##...#.# #..... .# ##..
.. #...... .. ........
.. ...##..... < ....
......


You could see a worm.

Vanquished Creatures
  An adder (D:2)
  2 hobgoblins (D:1)
  2 kobolds (D:1)
  A bat (D:2)
  A goblin (D:2)
  2 rats (D:1)
9 creatures vanquished.

Notes
Turn   | Place    | Note
--------------------------------------------------------------
     0 | D:1      | namelastname112 the Vine Stalker Assassin began the quest for the Orb.
     0 | D:1      | Reached XP level 1. HP: 11/11 MP: 2/2
   389 | D:1      | Reached skill level 1 in Dodging
   604 | D:1      | Found a blossoming altar of Fedhas.
   635 | D:1      | Reached XP level 2. HP: 15/15 MP: 3/3
   655 | D:2      | Reached skill level 5 in Stealth
   679 | D:2      | Slain by a worm

Vault maps used:
D:1:      sevenhm_arrival_forest_fort_small_6, minmay_misc_feat_tiny,
          roderic_chinese_pattern_swastika, hangedman_decor_push
D:2:      first_bread, uniq_terence

Skill      XL: |  1  2 |
---------------+-------+-----
Short Blades   | 2 |  2.1
Dodging        | 1 |  1.2
Stealth        | 5 |  5.0
Throwing       | 2 |  2.0
Fighting       | |  1.8

Action                   || total
-------------------------++-------
Melee: Dagger            ||    32
       Bite              ||    10
 Stab: Sleeping          ||     2
  Eat: Bread ration      ||     1
Armor: Robe              ||    11
Dodge: Dodged            ||    26
